 Dungeon Crawl Stone Soup version 0.28-a0-1128-gb845255321 (webtiles) character file.

Game seed: 4231330642484828728

490 Garessta the Jinx (level 6, 0/32 HPs)
             Began as a Vampire Enchanter on Dec 12, 2021.
             Was an Initiate of Yredelemnul.
             Killed by divine providence
             ... invoked by an orc priest
              (9 damage)
             ... on level 4 of the Dungeon.
             The game lasted 00:11:57 (3233 turns).

Garessta the Jinx (Vampire Enchanter)               Turns: 3233, Time: 00:11:57

Health: 0/32       AC:  8    Str:  7    XL:     6   Next: 90%
Magic:  9/9        EV: 12    Int: 18    God:    Yredelemnul [......]
Gold:   149        SH:  0    Dex: 16    Spells: 1/9 levels left

rFire   . . .      SeeInvis +   q - +0 dagger (venom)
rCold   + + .      Faith    .   (no shield)
rNeg    + + +      Spirit   .   b - +0 robe
rPois   ∞          Reflect  .   f - +2 helmet
rElec   .          Harm     .   s - +2 cloak
rCorr   .          Rampage  .   (no gloves)
Will    .....                   (no boots)
Stlth   ++++++....              (no amulet)
HPRegen 0.00/turn               (no ring)
MPRegen 0.11/turn               (no ring)

@: bloodless, inhibited regen
A: bloodless, fangs 3, see invisible, vampiric 2
a: Bat Form, Revivify, Renounce Religion, Recall Undead Harvest


You were on level 4 of the Dungeon.
You worshipped Yredelemnul.
Yredelemnul was noncommittal.
You visited 1 branch of the dungeon, and saw 4 of its levels.

You collected 149 gold pieces.

Inventory:

Hand Weapons
 a - a +1 dagger
 q - a +0 dagger of venom (weapon)
Armour
 b - a +0 robe (worn)
 f - a +2 helmet (worn)
 p - a +0 cloak
 s - a +2 cloak (worn)
Scrolls
 d - 2 scrolls of fog
 e - 3 scrolls of identify {unknown}
 i - 2 scrolls of teleportation {unknown}
 l - a scroll of amnesia {unknown}
 m - a scroll of vulnerability {unknown}
 o - a scroll of magic mapping {unknown}
 u - a scroll of fear {unknown}
Potions
 c - a potion of invisibility
 g - a potion of heal wounds {unknown}
 h - 3 potions of brilliance {unknown}
 j - a potion of might {unknown}
 k - 2 potions of lignification {unknown}
 n - 2 potions of haste {unknown}
 r - a potion of cancellation {unknown}
 t - a potion of curing {unknown}
 v - a potion of attraction {unknown}


   Skills:
 - Level 1.5 Short Blades
 - Level 2.4 Dodging
 + Level 7.7 Stealth
 + Level 2.2 Spellcasting
 * Level 9.3 Hexes


You had one spell level left.
You knew the following spells:

 Your Spells              Type           Power      Damage    Failure   Level
a - Ensorcelled Hibernat  Hex/Ice        36%        N/A       4%          2
b - Confusing Touch       Hex            35%        N/A       1%          3
c - Dazzling Flash        Conj/Hex       36%        N/A       8%          3

Your spell library contained the following spells:

 Spells                   Type           Power      Damage    Failure   Level
 Tukima's Dance           Hex            35%        N/A       1%          3
 Gell's Gravitas          Tloc           1%         N/A       47%         3
 Ignite Poison            Fire/Tmut/Pois 1%         N/A       47%         3
 Mephitic Cloud           Conj/Pois/Air  1%         N/A       47%         3
 Teleport Other           Tloc           1%         N/A       47%         3
 Freezing Cloud           Conj/Ice/Air   0%         6-21      99%         5
 Dispersal                Tloc           0%         N/A       100%        6


Dungeon Overview and Level Annotations

Branches:
Dungeon (4/15)
 Temple: D:4-7

Altars:
Elyvilon
Qazlal
Yredelemnul
Beogh

Shops:
D:2 **(*

Annotations:
D:4 caleiya's ghost, novice GrEE


Innate Abilities, Weirdness & Mutations

You do not regenerate when monsters are visible.
You are frail without blood (-20% HP).
You can heal yourself when you bite living creatures.
You are immune to poison.
You have razor-sharp teeth.
You have supernaturally acute eyesight. (SInv)
You are afflicted with vampirism and can become a bat while bloodless.


Message History

Your ball python zombie bites something but does no damage.
Something barely misses your scorpion zombie.
Your scorpion zombie closely misses something.
Your hound zombie barely misses something.
Your ball python zombie misses something.
Something barely misses your scorpion zombie.
Your hound zombie bites something but does no damage.
Your scorpion zombie completely misses something.
The orc yells repeatedly.
Your ball python zombie closely misses something.
Something hits your scorpion zombie but does no damage.
Your hound zombie closely misses something.
Your scorpion zombie barely misses something.
Your hound zombie barely misses something.
Something barely misses your scorpion zombie.
Your ball python zombie barely misses something.
Your scorpion zombie barely misses something.
Your hound zombie bites something but does no damage.
Something hits your hound zombie.
Your ball python zombie closely misses something.
You see here a +0 club.
Your hound zombie bites something but does no damage.
Your scorpion zombie closely misses something.
Your ball python zombie bites something.
You see here a +0 club.
You feel a bit more experienced.
You swap places.
The orc hits your dart slug zombie with a +0 flail!
Your dart slug zombie is destroyed!
The orc priest calls down the wrath of Beogh upon you.
Beogh smites you!
You feel a bit more experienced.
The orc priest mumbles some strange prayers to Beogh against you.
Beogh smites you!
* * * LOW HITPOINT WARNING * * *
You see here 18 stones.
The orc priest invokes the aid of Beogh against you.
Beogh smites you!
You die...
Yredelemnul claims you as an undead slave.

########## ##### .........# #....
##Z#####.# #.oo. #Z# #.# #.8..
##Z# #.# ###### ##.### ...# #.#
#....############..#.. #### #.#
#.##.@.Zo..(oo....##.. # #.#
#.##################.# # #.# #.#
#.# # #.# #Z# #.. # ####.###.#
### # ##......Z.#####.## #
#.......Z...##)#.#############
####.....Z.....#.#........[......
...................Z....#########


You could see an orc priest, an orc and a friendly spectral endoplasm.

Vanquished Creatures
  Menkaure (D:4)
  2 scorpions (D:4)
  Crazy Yiuf (D:3)
  A hound (D:4)
  7 gnolls
  5 adders
  2 worms
  A dart slug (D:4)
  5 ball pythons
  5 endoplasms
  A giant cockroach (D:2)
  A goblin (D:3)
  3 hobgoblins
  2 jackals (D:2)
  8 kobolds
  5 quokkas
  2 bats
  2 frilled lizards (D:2)
  6 rats
60 creatures vanquished.

Vanquished Creatures (collateral kills)
  A hound skeleton (D:4)
  An adder skeleton (D:4)
  3 orcs (D:4)
  A bat (D:2)
  A kobold (D:2)
7 creatures vanquished.

Vanquished Creatures (others)
  A scorpion zombie (D:4)
  A hound zombie (D:4)
  2 adder zombies
  A worm zombie (D:3)
  A bat zombie (D:1)
  A ball python zombie (D:4)
  A dart slug zombie (D:4)
  A frilled lizard zombie (D:2)
  2 gnoll zombies
  A hobgoblin zombie (D:2)
  2 kobold zombies (D:2)
  A quokka zombie (D:2)
  3 rat zombies
18 creatures vanquished.

Grand Total: 85 creatures vanquished

Notes
Turn   | Place    | Note
-------+----------+-------------------------------------------
     0 | D:1      | Garessta the Vampire Enchanter began the quest for the Orb.
     0 | D:1      | Reached XP level 1. HP: 13/13 MP: 3/3
   398 | D:1      | Found a faded altar of an unknown god.
   406 | D:1      | Prayed at the altar of an unknown god.
   406 | D:1      | Became a worshipper of Yredelemnul the Dark
   406 | D:1      | Reached * piety under Yredelemnul
   469 | D:1      | Reached XP level 2. HP: 19/19 MP: 5/5
   557 | D:2      | Found Coaran's Assorted Antiques.
   564 | D:2      | Found Guigojup's Weapon Shoppe.
   740 | D:1      | Learned a level 2 spell: Ensorcelled Hibernation
   803 | D:2      | Reached skill level 5 in Hexes
   886 | D:2      | Found Reusodgh's General Store.
   906 | D:2      | Reached skill level 5 in Stealth
   906 | D:2      | Gained mutation: You are afflicted with vampirism and can
                  | become a bat while bloodless. [Vampire growth]
   906 | D:2      | Reached XP level 3. HP: 24/24 MP: 6/6
  1069 | D:2      | Found a stormy altar of Qazlal.
  1075 | D:2      | Found Xacw's General Store.
  1266 | D:2      | Reached XP level 4. HP: 14/30 MP: 0/7
  1464 | D:2      | Reached skill level 6 in Hexes
  2031 | D:3      | Reached XP level 5. HP: 35/35 MP: 5/8
  2255 | D:3      | Reached skill level 7 in Hexes
  2277 | D:3      | Found a runed translucent door.
  2278 | D:3      | Noticed Crazy Yiuf
  2285 | D:3      | Killed Crazy Yiuf
  2503 | D:4      | Reached skill level 8 in Hexes
  2503 | D:4      | Reached XP level 6. HP: 41/41 MP: 9/9
  2648 | D:4      | Learned a level 3 spell: Confusing Touch
  2652 | D:4      | Learned a level 3 spell: Dazzling Flash
  2740 | D:4      | Noticed Menkaure
  2753 | D:4      | Killed Menkaure
  2754 | D:4      | Reached skill level 9 in Hexes
  3197 | D:4      | Found a runed translucent gate.
  3197 | D:4      | Noticed an orc warrior
  3198 | D:4      | Found a runed translucent gate.
  3199 | D:4      | Found a runed translucent gate.
  3200 | D:4      | Noticed caleiya's ghost (novice GrEE)
  3209 | D:4      | Identified the +10 hunting sling of Grand Offence {flame,
                  | Int+7}
  3209 | D:4      | Identified the +0 chain mail of the Little Devil {Fly rElec
                  | Dex+2}
  3233 | D:4      | Killed from afar by an orc priest

Illustrated notes

Levels and vault maps discovered:
D:1:      dpeg_arrival_round_a, layout_rooms,
          hellmonk_ecumenical_altar_crossroads
D:2:      layout_rooms, basic_altar, serial_shops, nicolae_shop_hallway_stairs,
          nicolae_shop_waterfront, nicolae_shop_waterfront,
          nicolae_shop_hallway_plus
D:3:      layout_rooms, uniq_crazy_yiuf_cottage
D:4:      layout_loops_ring, mainiacjoe_overflow_small_starburst,
          biasface_ghost_orc_armoury, minmay_quantized, uniq_menkaure

Skill      XL: |  1  2  3  4  5  6 |
---------------+-------------------+-----
Hexes          | 5 6 8 9 |  9.3
Stealth        | 5 6 7 |  7.7
Short Blades   | |  1.5
Dodging        | |  2.4
Spellcasting   | |  2.2

Action                   |  1- 3 |  4- 6 || total
-------------------------+-------+-------++-------
Melee: Dagger            |    77 |    80 ||   157
       Bite              |     7 |     5 ||    12
 Cast: Ensorcelled Hiber |    14 |    28 ||    42
       Confusing Touch   |       |     1 ||     1
 Abil: Exsanguinate      |       |     1 ||     1
  Use: Scroll            |       |     1 ||     1
 Stab: Sleeping          |    12 |    27 ||    39
       Distracted        |       |     2 ||     2
Armor: Robe              |    18 |    14 ||    32
Dodge: Dodged            |    46 |    47 ||    93

Table legend: (Time is in decaauts)
 A = Elapsed time spent in this place.
 B = Non-inter-level travel time spent in this place.
 C = Inter-level travel time spent in this place.
 D = Time resting spent in this place.
 E = Time spent auto-exploring this place.
 F = Levels seen in this place.
 G = Mean time per level.
                   A        B        C        D        E       F      G
               +--------+--------+--------+--------+--------+-----+--------+
         Total |   3225 |   3093 |    132 |    151 |   2104 |   4 |  806.2 |
       Dungeon |   3225 |   3093 |    132 |    151 |   2104 |   4 |  806.2 |
               +--------+--------+--------+--------+--------+-----+--------+

Top non-repeatable levels by time:
     D:2: 989 daAuts
     D:4: 884 daAuts
     D:1: 711 daAuts
     D:3: 641 daAuts
